 Dungeon Crawl Stone Soup version 0.26-a0-611-g354ed81502 (webtiles) character file.

Game seed: 6791837475984358858

71 MrRokkomies the Sneak (level 4, 0/30 HPs)
             Began as an Octopode Brigand on Sept 7, 2020.
             Succumbed to an adder's poison
             ... on level 2 of the Dungeon.
             The game lasted 00:02:21 (1209 turns).

MrRokkomies the Sneak (Octopode Brigand)            Turns: 1209, Time: 00:02:21

Health: 0/30       AC:  1    Str: 10    XL:     4   Next: 24%
Magic:  4/4        EV: 13    Int: 14    God:
Gold:   58         SH:  0    Dex: 13    Spells: 3/3 levels left

rFire    . . .     SeeInvis .   a - +3 dagger
rCold    . . .     Faith    .   (no shield)
rNeg     . . .     Spirit   .   (helmet restricted)
rPois    .         Reflect  .   (no amulet)
rElec    .         Harm     .   (no ring)
rCorr    .                      (no ring)
MR       .....                  (no ring)
Stlth    ++++......             (no ring)
HPRegen  0.10/turn              (no ring)
MPRegen  0.09/turn              (no ring)
                                (no ring)
                                (no ring)

@: lethally poisoned (0 -> -3)
A: almost no armour, stealthy swim, amphibious, 8 rings, constrict 8, camouflage
1, gelatinous body 1
a: no special abilities


You were on level 2 of the Dungeon.
You visited 1 branch of the dungeon, and saw 2 of its levels.

You collected 58 gold pieces.

Inventory:

Hand Weapons
 a - a +3 dagger (weapon)
Missiles
 b - 12 poisoned darts (quivered)
 c - 2 curare-tipped darts
Scrolls
 d - a scroll of enchant weapon
 e - a scroll of enchant armour {unknown}
 i - 2 scrolls of fear
Potions
 g - 2 potions of haste


   Skills:
 + Level 2.5 Fighting
 * Level 3.0 Short Blades
 + Level 2.4 Throwing
 * Level 2.3 Dodging
 - Level 5.3 Stealth


You had 3 spell levels left.
You didn't know any spells.
Your spell library was empty.

Dungeon Overview and Level Annotations

Branches:
Dungeon (2/15)

Altars:


Innate Abilities, Weirdness & Mutations

You cannot wear most types of armour.
You are very stealthy in the water. (Stealth+)
You are amphibious.
You can wear up to eight rings at the same time.
You can use your tentacles to constrict eight enemies at once.
Your skin changes colour to match your surroundings (Stealth+).
Your rubbery body absorbs attacks. (AC +1, EV +1)


Message History

Press: ? - help, Shift-Dir - straight line, f/p - hobgoblin
Aim: a hobgoblin (poisoned)
You throw a poisoned dart. The poisoned dart hits the hobgoblin.
* * * LOW HITPOINT WARNING * * *
You feel sick.
Throwing (i - inventory. (/) - cycle)
b - 14 poisoned darts (quivered)
Press: ? - help, Shift-Dir - straight line, f/p - hobgoblin
Aim: a hobgoblin (poisoned)
You throw a poisoned dart. The poisoned dart hits the hobgoblin.
The hobgoblin looks even sicker.
Unknown command.
Throwing (i - inventory. (/) - cycle)
b - 13 poisoned darts (quivered)
Press: ? - help, Shift-Dir - straight line, f/p - hobgoblin
Aim: a hobgoblin (heavily wounded, very poisoned)
You throw a poisoned dart.
The poisoned dart barely misses the hobgoblin.
You kill the hobgoblin!
Unknown command.
g - 2 potions of haste (gained 1)
You die...

#....(. #.#######
###.....( ####.........
.......(####...........#
......(.....##.....>..#
....†.....(†........#
#.......##.........#
#...........##...<#
#.................#
#...@....##.......#
#.....$.###.......#
#####...# #....†..#
#...# #.......# #...#
#.......# #...#
#.......# #...#
#<......# #...#
#.......### #####
#..........


There were no monsters in sight!

Vanquished Creatures
  2 adders (D:2)
  An ooze (D:1)
  2 dart slugs (D:1)
  A leopard gecko (D:1)
  8 bats (D:1)
  A giant cockroach (D:2)
  3 goblins (D:1)
  6 hobgoblins
  4 jackals (D:2)
  4 kobolds
  5 frilled lizards
  5 rats (D:1)
42 creatures vanquished.

Notes
Turn   | Place    | Note
-------+----------+-------------------------------------------
     0 | D:1      | MrRokkomies the Octopode Brigand began the quest for the
                  | Orb.
     0 | D:1      | Reached XP level 1. HP: 14/14 MP: 1/1
     2 | D:1      | Noticed a felid
     4 | D:1      | Noticed a halfling
     4 | D:1      | Noticed a troll
     6 | D:1      | Noticed a formicid
     6 | D:1      | Noticed a draconian
     8 | D:1      | Noticed a centaur
     8 | D:1      | Noticed an elf
    12 | D:1      | Noticed a naga
    12 | D:1      | Noticed a demonspawn
    14 | D:1      | Noticed a spriggan
    14 | D:1      | Noticed a gargoyle
    16 | D:1      | Noticed a tengu
    16 | D:1      | Noticed a ghoul
    18 | D:1      | Noticed a vampire
    18 | D:1      | Noticed a vine stalker
    20 | D:1      | Noticed a human
    22 | D:1      | Noticed a merfolk
    22 | D:1      | Noticed an octopode
    24 | D:1      | Noticed a minotaur
    24 | D:1      | Noticed a dwarf
    26 | D:1      | Noticed an ogre
    26 | D:1      | Noticed a demigod
   236 | D:1      | Reached XP level 2. HP: 19/19 MP: 2/2
   448 | D:1      | Reached XP level 3. HP: 20/24 MP: 3/3
  1059 | D:2      | Reached XP level 4. HP: 26/30 MP: 4/4
  1205 | D:2      | HP: 1/30 [poisoned by an adder]
  1209 | D:2      | Succumbed to an adder's poison

Illustrated notes

Levels and vault maps discovered:
D:1:      kb_arrival_jail, layout_basic, st_stairs_12, hangedman_glass_teeth
D:2:      layout_basic, uniq_crazy_yiuf_cottage, uniq_robin

Skill      XL: |  1  2  3  4 |
---------------+-------------+-----
Dodging        | 2 |  2.3
Short Blades   | 3 |  3.0
Fighting       | |  2.5
Throwing       | |  2.4
Stealth        | |  5.3

Action                   |  1- 3 |  4- 6 || total
-------------------------+-------+-------++-------
Melee: Dagger            |    65 |    13 ||    78
       Constrict         |    19 |     2 ||    21
       Tentacles         |     7 |       ||     7
Throw: Dart              |     5 |     7 ||    12
  Use: Scroll            |     5 |       ||     5
       Potion            |     1 |       ||     1
 Stab: Sleeping          |    13 |       ||    13
Armor: Skin              |    11 |     1 ||    12
Dodge: Dodged            |    40 |    11 ||    51

Table legend: (Time is in decaauts)
 A = Elapsed time spent in this place.
 B = Non-inter-level travel time spent in this place.
 C = Inter-level travel time spent in this place.
 D = Time resting spent in this place.
 E = Time spent auto-exploring this place.
 F = Levels seen in this place.
 G = Mean time per level.
                   A        B        C        D        E       F      G
               +--------+--------+--------+--------+--------+-----+--------+
         Total |   1197 |   1176 |     21 |      0 |    921 |   2 |  598.5 |
       Dungeon |   1197 |   1176 |     21 |      0 |    921 |   2 |  598.5 |
               +--------+--------+--------+--------+--------+-----+--------+

Top non-repeatable levels by time:
     D:1: 1009 daAuts
     D:2: 188 daAuts
